 Dungeon Crawl Stone Soup version 0.24.1-8-ga250c9d538 (webtiles) character file.

Game seed: 14102400811703761768, levelgen mode: deterministic

531 Curus the Carver (level 7, 0/57 HPs)
             Began as a Minotaur Fighter on May 8, 2020.
             Was a Believer of Makhleb.
             Killed from afar by an orc wizard (8 damage)
             ... with a magic dart
             ... on level 5 of the Dungeon.
             The game lasted 00:10:21 (2277 turns).

Curus the Carver (Minotaur Fighter)                 Turns: 2277, Time: 00:10:22

Health: 0/57       AC:  6    Str: 21    XL:     7   Next: 3%
Magic:  6/6        EV: 12    Int:  7    God:    Makhleb [**....]
Gold:   205        SH:  9    Dex: 14    Spells: 6/6 levels left

rFire    . . .     SeeInvis +   a - +0 long sword
rCold    . . .     Gourm    .   c - +0 shield
rNeg     . . .     Faith    .   b - +0 scale mail
rPois    .         Spirit   .   (helmet restricted)
rElec    .         Reflect  .   (no cloak)
rCorr    .         Harm     .   (no gloves)
MR       .....                  (no boots)
Stlth    +.........             (no amulet)
HPRegen  0.19/turn              g - ring of see invisible
MPRegen  0.10/turn              (no ring)

@: agile, lethally poisoned (0 -> -1)
A: retaliatory headbutt, horns 2
a: Minor Destruction, Renounce Religion


You were on level 5 of the Dungeon.
You worshipped Makhleb.
Makhleb was pleased with you.
You were not hungry.

You visited 1 branch of the dungeon, and saw 5 of its levels.

You collected 205 gold pieces.

Inventory:

Hand Weapons
 a - a +0 long sword (weapon)
Armour
 b - a +0 scale mail (worn)
 c - a +0 shield (worn)
Jewellery
 g - a ring of see invisible (left hand)
Wands
 d - a wand of iceblast (7)
 n - a wand of random effects (25)
Scrolls
 j - 4 scrolls of identify
 k - 5 scrolls of remove curse
 l - a scroll of blinking
Potions
 e - 4 potions of curing
 h - 3 potions of heal wounds
Comestibles
 f - 13 rations


   Skills:
 - Level 3.6 Fighting
 + Level 9.2 Long Blades
 - Level 3.6 Armour
 - Level 3.6 Shields


You had 6 spell levels left.
You didn't know any spells.
Your spell library was empty.

Dungeon Overview and Level Annotations

Branches:
Dungeon (5/15)
 Temple: D:4-7

Altars:
Makhleb
The Shining One

Annotations:
D:5 Duvessa


Innate Abilities, Weirdness & Mutations

You reflexively headbutt those who attack you in melee.
You have a pair of horns on your head.


Message History

The orc wizard hits you but does no damage.
An orc comes into view. It is wielding a +0 hand axe.
You closely miss the orc wizard.
The orc wizard is heavily wounded.
You feel sick. You block the orc wizard's attack.
An orc comes into view. It is wielding a +0 hand axe.
The orc wizard barely misses you. You furiously retaliate!
You headbutt the orc wizard, but do no damage.
You closely miss the orc wizard. You headbutt the orc wizard.
The orc wizard is severely wounded.
The orc priest invokes the aid of Beogh against you.
Beogh smites you!
* * * LOW HITPOINT WARNING * * *
The orc wizard hits you with a +0 dagger.
* * * LOW HITPOINT WARNING * * *
You hit the orc wizard. Your headbutt misses the orc wizard.
The orc wizard is almost dead.
The orc wizard casts a spell at you. The magic dart hits you!
You die...

... .. . ##..
.. ..
#.o.####.
#.#....... #
........###..
#..eo.......
#...o...#
#...@..#
##.?...#
#......#
#......##
##..#..#
#######


You could see Duvessa, an orc priest, an orc wizard and an orc.

Vanquished Creatures
  Menkaure (D:5)
  Blork the orc (D:5)
  A scorpion (D:4)
  A crimson imp (D:5)
  A hound (D:2)
  Natasha (D:4)
  2 worker ants
  2 hound skeletons
  2 adders
  A shadow imp (D:5)
  An adder skeleton (D:4)
  2 worms
  A dart slug (D:3)
  4 leopard geckos
  10 orcs
  6 bats
  5 giant cockroaches
  8 goblins
  7 hobgoblins
  8 jackals
  2 ball pythons
  A ball python skeleton (D:5)
  7 frilled lizards
  6 kobolds
  A leopard gecko skeleton (D:4)
  8 rats
90 creatures vanquished.

Notes
Turn   | Place    | Note
-------+----------+-------------------------------------------
     0 | D:1      | Curus the Minotaur Fighter began the quest for the Orb.
     0 | D:1      | Reached XP level 1. HP: 19/19 MP: 0/0
   123 | D:1      | Reached skill level 3 in Long Blades
   149 | D:1      | Reached XP level 2. HP: 26/26 MP: 1/1
   518 | D:2      | Reached skill level 4 in Long Blades
   592 | D:2      | Reached XP level 3. HP: 31/31 MP: 2/2
   758 | D:2      | Found a burning altar of Makhleb.
   764 | D:2      | Became a worshipper of Makhleb the Destroyer
   801 | D:2      | Reached skill level 5 in Long Blades
   894 | D:2      | Reached XP level 4. HP: 33/39 MP: 3/3
  1169 | D:3      | Reached * piety under Makhleb
  1420 | D:3      | Reached skill level 6 in Long Blades
  1595 | D:4      | Reached XP level 5. HP: 45/45 MP: 4/4
  1750 | D:4      | Reached skill level 7 in Long Blades
  1909 | D:4      | Noticed Natasha
  1912 | D:4      | Killed Natasha
  1948 | D:5      | Entered Level 5 of the Dungeon
  1975 | D:5      | Noticed Menkaure
  1982 | D:5      | Killed Menkaure
  1982 | D:5      | Reached skill level 8 in Long Blades
  1982 | D:5      | Reached XP level 6. HP: 19/51 MP: 5/5
  2183 | D:5      | Noticed Blork the orc
  2199 | D:5      | Killed Blork the orc
  2199 | D:5      | Reached ** piety under Makhleb
  2202 | D:5      | Reached skill level 9 in Long Blades
  2205 | D:5      | Found a glowing golden altar of the Shining One.
  2258 | D:5      | Reached XP level 7. HP: 54/57 MP: 6/6
  2271 | D:5      | Noticed Duvessa
  2277 | D:5      | Killed from afar by an orc wizard

Levels and vault maps discovered:
D:1:      roderic_dead_forest, layout_rooms
D:2:      layout_loops_ring, makhleb_blood_cavern_becter
D:3:      layout_rooms, first_ration
D:4:      layout_rooms, grunt_ministairs_13, uniq_natasha
D:5:      layout_cave_pools, nicolae_tso_carved_into_rock,
          minmay_temple_entry_nine_rooms, uniq_blork_the_orc, uniq_menkaure,
          uniq_duvessa

Skill      XL: |  1  2  3  4  5  6 |
---------------+-------------------+-----
Long Blades    | 3 4 5 6 8 9 |  9.2
Fighting       | |  3.6
Armour         | |  3.6
Shields        | |  3.6

Action                   |  1- 3 |  4- 6 |  7- 9 || total
-------------------------+-------+-------+-------++-------
Melee: Long sword        |    95 |   169 |     9 ||   273
       Headbutt          |    12 |    26 |     2 ||    40
Invok: Minor Destruction |       |       |     3 ||     3
  Use: Potion            |     5 |     2 |     2 ||     9
       Scroll            |     4 |     3 |       ||     7
  Eat: Chunk             |       |     5 |       ||     5
Armor: Scale mail        |    33 |    52 |     3 ||    88
Dodge: Dodged            |    26 |    50 |     2 ||    78
Block: Shield            |    37 |    63 |     4 ||   104
       Rpst.: Long sword |     5 |    14 |       ||    19
